 Dungeon Crawl Stone Soup version 0.31-a0-152-g6aa68a64a1 (webtiles) character file.

Game seed: 2520357655428531091

919 rapeowns the Cudgeller (level 8, -1/70 HPs)
             Began as a Meteoran Fighter on June 10, 2023.
             Was a Believer of Makhleb.
             Slain by a mummy (11 damage)
             ... in an ossuary.
             The game lasted 00:05:51 (1539 turns).

rapeowns the Cudgeller (Meteoran Fighter)           Turns: 1539, Time: 00:05:52

Health: -1/70      AC: 16    Str: 20    XL:     8   Next: 56%
Magic:  12/12      EV:  9    Int: 10    God:    Makhleb [**....]
Gold:   212        SH:  5    Dex: 13    Spells: 7/7 levels left

rFire   x x .        a - +0 flail
rCold   x x .        c - +0 buckler
rNeg    . . .        b - +0 scale mail
rPois   +            (no helmet)
rElec   .            (no cloak)
rCorr   .            j - +0 pair of gloves
SInv    .            (no boots)
Will    ++...        k - amulet of Elemental Vulnerability {rPois rF-- rC-- AC+8}
Stlth   +            n - ring of Shadows {Umbra +Inv Stlth+}
HPRegen 0.31/turn    d - ring of willpower
MPRegen 0.13/turn

%: no passive effects
@: glowing, studying Short Blades
A: sense surroundings 1, otherworldly, glowing, explore regen
a: Renounce Religion, Evoke Invisibility, Minor Destruction


You were in an ossuary.
You worshipped Makhleb.
Makhleb was pleased with you.
You visited 1 branch of the dungeon, and saw 6 of its levels.
You also visited: Ossuary.

You collected 212 gold pieces.

Inventory:

Hand Weapons
 a - a +0 flail (weapon)
Armour
 b - a +0 scale mail (worn)
 c - a +0 buckler (worn)
 j - a +0 pair of gloves (worn)
Jewellery
 d - a ring of willpower (right hand)
 k - the amulet of Elemental Vulnerability (around neck) {rPois rF-- rC-- AC+8}
   (You found it on level 3 of the Dungeon)

   [amulet of nothing]

   AC:        It affects your AC (+8).
   rF:        It makes you very vulnerable to fire.
   rC:        It makes you very vulnerable to cold.
   rPois:     It protects you from poison.
 n - the ring of Shadows (left hand) {Umbra +Inv Stlth+}
   (You found it on level 4 of the Dungeon)

   [ring of stealth]

   Umbra:     It surrounds you with an aura of shadow, increasing your stealth
   and reducing the accuracy of all others within it.
   +Inv:      It lets you turn invisible.
   Stlth:     It makes you more stealthy.
 o - a ring of poison resistance
Scrolls
 i - a scroll of silence
 l - a scroll of immolation
 p - a scroll of teleportation
Potions
 e - 2 potions of might
 f - a potion of lignification {unknown}
 g - 2 potions of invisibility
 h - a potion of curing
 m - a potion of cancellation {unknown}


   Skills:
 + Level 6.1 Fighting
 + Level 6.7 Maces & Flails
 - Level 5.1 Armour
 - Level 5.0 Shields
 + Level 5.2 Invocations


You had 7 spell levels left.
You didn't know any spells.
Your spell library contained the following spells:

 Spells                   Type           Power      Damage    Failure   Level
 Ozocubu's Armour         Ice            0%         N/A       98%         3
 Ozocubu's Refrigeration  Ice            0%         4d7       100%        7


Dungeon Overview and Level Annotations

Branches:
Dungeon (6/15) Zot: 2015  Ossuary (1/1) Zot: 571
 Temple: D:4-7

Altars:
Makhleb

Shops:
D:4 =


Innate Abilities, Weirdness & Mutations

You passively map a small area around you.
You are easily found by Zot.
You glow in the dark.
You regain HP and MP as you explore.


Message History

You are too injured to fight recklessly!
You are too injured to fight recklessly!
You are too injured to fight recklessly!
You are too injured to fight recklessly!
You are too injured to fight recklessly!
You are too injured to fight recklessly!
You are too injured to fight recklessly!
You are too injured to fight recklessly!
You are too injured to fight recklessly!
You are too injured to fight recklessly!
You are too injured to fight recklessly!
You are too injured to fight recklessly!
You are too injured to fight recklessly!
You are too injured to fight recklessly!
You are too injured to fight recklessly!
You are too injured to fight recklessly!
You are too injured to fight recklessly!
You hit the mummy but do no damage.
The mummy is almost destroyed.
The mummy hits you but does no damage. The mummy misses you.
You hit the mummy but do no damage.
The mummy is almost destroyed.
The mummy hits you!
You barely miss the mummy.
The mummy is almost destroyed.
The mummy closely misses you.
You hit the mummy.
You destroy the mummy!
Makhleb accepts your kill. The mummy hits you!
* * * LOW HITPOINT WARNING * * *
You barely miss the mummy. The mummy hits you!
* * * LOW HITPOINT WARNING * * *
You barely miss the mummy. You barely miss the mummy.
The mummy barely misses you.
A centaur zombie comes into view.
You hit the mummy.
The mummy is moderately damaged.
The mummy hits you!
You die...

, + #.#**
* 'Z# , *
#.+ ,,
,'.# , ~*
* #.## **
, ,+.',*
',
###M#####
~
#.'@#..∩#
,
###.'.∩.#
, *
+.#...#
,, *
#.##### *
+.. , ~
#+#+ * ,
, ~ ,


You could see a mummy and a centaur zombie.

Vanquished Creatures
  3 black bears
  3 scorpions
  A bullfrog zombie (Ossuary)
  A jelly (D:4)
  3 hounds
  A gnoll bouda (D:5)
  2 orc priests (D:4)
  A sleepcap (D:5)
  An orc wizard (D:4)
  2 mummies (Ossuary)
  3 gnolls (D:4)
  6 adders
  An ufetubus (D:5)
  A worm (D:2)
  3 dart slugs
  4 orcs
  7 ball pythons
  A bat (D:3)
  3 endoplasms
  4 giant cockroaches
  2 goblins
  3 hobgoblins
  11 jackals
  6 kobolds
  A quokka (D:2)
  4 frilled lizards
  5 rats
83 creatures vanquished.

Notes
Turn   | Place    | Note
-------+----------+-------------------------------------------
     0 | D:1      | rapeowns the Meteoran Fighter began the quest for the Orb.
     0 | D:1      | Reached XP level 1. HP: 19/19 MP: 2/2
    32 | D:1      | Reached XP level 2. HP: 26/26 MP: 3/3
   161 | D:2      | Reached XP level 3. HP: 31/31 MP: 4/4
   371 | D:2      | Reached XP level 4. HP: 40/40 MP: 5/5
   708 | D:3      | Found the amulet of Elemental Vulnerability {rPois rF--
                  | rC-- AC+8}
   711 | D:3      | Found a faded altar of an unknown god.
   725 | D:3      | Prayed at the altar of an unknown god.
   725 | D:3      | Became a worshipper of Makhleb the Destroyer
   725 | D:3      | Reached * piety under Makhleb
   815 | D:4      | Reached XP level 5. HP: 46/46 MP: 6/6
   829 | D:4      | Reached skill level 1 in Invocations
   904 | D:4      | Reached XP level 6. HP: 49/52 MP: 8/8
   991 | D:4      | Reached skill level 5 in Armour
   994 | D:4      | Reached skill level 5 in Shields
  1001 | D:4      | Reached XP level 7. HP: 9/60 MP: 9/9
  1054 | D:4      | Reached ** piety under Makhleb
  1075 | D:4      | Reached skill level 5 in Maces & Flails
  1132 | D:4      | Found the ring of Shadows {Umbra +Inv Stlth+}
  1135 | D:4      | Found Mumpeif's Jewellery Shop.
  1168 | D:5      | Entered Level 5 of the Dungeon
  1208 | D:5      | Reached skill level 5 in Fighting
  1278 | D:5      | Reached XP level 8. HP: 59/68 MP: 12/12
  1503 | D:6      | Reached skill level 5 in Invocations
  1508 | D:6      | Found a sand-covered staircase.
  1513 | Ossuary  | Entered an ossuary
  1539 | Ossuary  | Slain by a mummy

Illustrated notes

Levels and vault maps discovered:
D:1:      sevenhm_arrival_forest_fort_small_5, layout_basic, serial_shops,
          shop_statue
D:2:      layout_rooms, kennysheep_generic_room_3
D:3:      layout_loops_ring, hellmonk_ecumenical_altar_lost_god
D:4:      layout_loops_cross, serial_shops, shop
D:5:      layout_basic, mainiacjoe_overflow_paths, kennysheep_little_box,
          st_stairs_12, hellmonk_bongcloud_opening, glass_columns_a,
          minmay_manual_monstrance
D:6:      layout_basic, mainiacjoe_overflow_alcove_1,
          mainiacjoe_overflow_brackets, enter_ossuary_2, hangedman_glass_teeth
Ossuary:  ossuary_zaba_flooded

Skill      XL: |  1  2  3  4  5  6  7  8 |
---------------+-------------------------+-----
Maces & Flails | 3 4 5 6 |  6.7
Armour         | 4 5 |  5.1
Shields        | 4 5 |  5.0
Fighting       | 4 5 6 |  6.1
Invocations    | 1 2 4 5 |  5.2

Action                     |  1- 3 |  4- 6 |  7- 9 || total
---------------------------+-------+-------+-------++-------
  Melee: Flail             |    73 |   159 |   123 ||   355
    Use: Potion            |       |     2 |       ||     2
         Scroll            |       |       |     3 ||     3
 Armour: Scale mail        |    49 |   123 |    93 ||   265
  Dodge: Dodged            |    24 |    61 |    54 ||   139
  Block: Buckler           |    12 |    38 |    30 ||    80

Table legend: (Time is in decaauts)
 A = Elapsed time spent in this place.
 B = Non-inter-level travel time spent in this place.
 C = Inter-level travel time spent in this place.
 D = Time resting spent in this place.
 E = Time spent auto-exploring this place.
 F = Levels seen in this place.
 G = Mean time per level.
                   A        B        C        D        E       F      G
               +--------+--------+--------+--------+--------+-----+--------+
         Total |   1612 |   1581 |     31 |      0 |    753 |   7 |  230.3 |
       Dungeon |   1584 |   1553 |     31 |      0 |    753 |   6 |  264.0 |
       Ossuary |     27 |     27 |      0 |      0 |      0 |   1 |   27.0 |
               +--------+--------+--------+--------+--------+-----+--------+

Top non-repeatable levels by time:
     D:3: 427 daAuts
     D:4: 401 daAuts
     D:5: 292 daAuts
     D:2: 233 daAuts
     D:1: 167 daAuts
     D:6: 62 daAuts
 Ossuary: 27 daAuts
